 Dungeon Crawl Stone Soup version 0.31.0-10-gcf4a605ca0 (webtiles) character file.

Game seed: 11230768453705915232

1 LeprechaunX the Caller (level 1, -4/14 HPs)
             Began as a Ghoul Summoner on Jan 25, 2024.
             Slain by a gnoll
             ... wielding a +0 club
              (8 damage)
             ... on level 1 of the Dungeon.
             The game lasted 00:00:42 (91 turns).

LeprechaunX the Caller (Ghoul Summoner)               Turns: 91, Time: 00:00:43

Health: -4/14      AC:  2    Str: 11    XL:     1   Next: 20%
Magic:  0/3        EV: 12    Int: 14    God:
Gold:   0          SH:  0    Dex:  9    Spells: 2/3 levels left

rFire   . . .        (no weapon)
rCold   + . .        (no shield)
rNeg    + + +        a - +0 robe
rPois   ∞            (no helmet)
rElec   .            (no cloak)
rCorr   .            (no gloves)
SInv    .            (no boots)
Will    .....        (no amulet)
Stlth   ++           (no ring)
HPRegen 0.00/turn    (no ring)
MPRegen 0.08/turn

%: no passive effects
@: inhibited regen
A: claws 1, cold resistance 1, negative energy resistance 3, inhibited
regeneration, torment resistance 2, devour on kill
a: no special abilities


You were on level 1 of the Dungeon.
You visited 1 branch of the dungeon, and saw 1 of its levels.

Inventory:

Armour
 a - a +0 robe (worn)
Potions
 b - a potion of magic


   Skills:
 + Level 1.8 Dodging
 + Level 2.2 Stealth
 + Level 1.8 Spellcasting
 + Level 3.6 Summonings


You had 2 spell levels left.
You knew the following spells:

 Your Spells              Type           Power      Damage    Failure   Level
a - Summon Small Mammal   Summ           44%        N/A       5%          1

Your spell library contained the following spells:

 Spells                   Type           Power      Damage    Failure   Level
 Call Imp                 Summ           22%        N/A       9%          2
 Call Canine Familiar     Summ           11%        N/A       17%         3
 Summon Blazeheart Golem  Fire/Summ      6%         N/A       75%         4
 Summon Lightning Spire   Summ/Air       6%         N/A       75%         4


Dungeon Overview and Level Annotations

Branches:
Dungeon (1/15)

Altars:


Innate Abilities, Weirdness & Mutations

You are immune to poison.
You have sharp fingernails.
Your flesh is cold resistant. (rC+)
You are immune to negative energy. (rN+++)
You do not regenerate when monsters are visible.
You are immune to unholy pain and torment.
You thrive by killing the living.


Message History

Your bat's corpse disappears in a puff of smoke!
Your bat closely misses the hobgoblin.
The hobgoblin hits you but does no damage.
Unknown command.
Casting: Summon Small Mammal (safe; 5% risk of failure)
Confirm with . or Enter, or press ? or * to list all spells.
Your bat closely misses the hobgoblin.
The gnoll hits your bat with a +0 club.
Your bat barely misses the gnoll.
The hobgoblin closely misses you.
You scratch the hobgoblin.
You kill the hobgoblin!
Your bat completely misses the gnoll.
Your bat hits the gnoll but does no damage.
You swap places.
Your bat misses the gnoll. The gnoll closely misses your rat.
Your rat closely misses the gnoll.
The gnoll barely misses your rat.
Your bat hits the gnoll.
Your rat bites the gnoll.
Something hits your rat.
Your rat dies!
Your rat's corpse disappears in a puff of smoke!
Your bat hits the gnoll but does no damage.
Your bat hits the gnoll but does no damage.
Your bat completely misses the gnoll.
Your bat hits the gnoll but does no damage.
The gnoll hits your bat with a +0 club.
Your bat dies!
Your bat's corpse disappears in a puff of smoke!
The gnoll attacks as it pursues you! The gnoll closely misses you.
You see here 4 stones.
The gnoll attacks as it pursues you! The gnoll barely misses you.
The gnoll attacks as it pursues you! The gnoll hits you with a +0 club.
The gnoll attacks as it pursues you! The gnoll hits you with a +0 club.
Casting: Summon Small Mammal (safe; 5% risk of failure)
Confirm with . or Enter, or press ? or * to list all spells.
The gnoll hits you with a +0 club.
* * * LOW HITPOINT WARNING * * *
You scratch the gnoll.
The gnoll is heavily wounded.
Your rat closely misses the gnoll.
The gnoll hits you with a +0 club!
Ouch! That really hurt!
You die...

####### ##..<..## #.......#
#.......# #.....(.# #..≈≈≈@r#
#.≈§≈≈§g# #.≈≈(≈≈.# #.≈≈>≈≈.#
# #.≈≈(≈≈.# .# #.≈≈≈§§.# ####
#♣.♣ #..§≈§..# ..# ... ...
##......(## #.#♣.♣.♣.♣. #.
#..###)........####.#g.......


You could see a gnoll (ally target) and a friendly rat (summoned).

Vanquished Creatures
  A hobgoblin (D:1)
1 creature vanquished.

Notes
Turn   | Place    | Note
-------+----------+-------------------------------------------
     0 | D:1      | LeprechaunX the Ghoul Summoner began the quest for the Orb.
     0 | D:1      | Reached XP level 1. HP: 14/14 MP: 3/3
    91 | D:1      | Slain by a gnoll

Illustrated notes

Levels and vault maps discovered:
D:1:      lemuel_arrival_lava_pool, layout_basic, serial_forest,
          infiniplex_forest_straight_5, infiniplex_forest_lined_room_3,
          infiniplex_forest_lined_room_2, infiniplex_forest_pool,
          infiniplex_forest_lined_3, infiniplex_forest_pool

Action                     || total
---------------------------++-------
  Melee: Unarmed           ||     7
   Cast: Summon Small Mamm ||     8
   Stab: Sleeping          ||     1
 Armour: Robe              ||     6
  Dodge: Dodged            ||     7
